 Seeded DCSS version 0.30.0-30-g96aa6591b8 (webtiles) character file.

Game seed: 5262528099854255737 (custom seed)

42 CInkIbrahim the Slasher (level 3, 18/18 HPs)
             Began as a Vine Stalker Gladiator on June 28, 2023.
             Quit the game on level 2 of the Dungeon.
             The game lasted 00:01:02 (716 turns).

CInkIbrahim the Slasher (Vine Stalker Gladiator)     Turns: 716, Time: 00:01:02

Health: 18/18      AC:  9    Str: 16    XL:     3   Next: 56%
Magic:  4/4        EV: 11    Int:  8    God:
Gold:   146        SH:  0    Dex: 17    Spells: 2/2 levels left

rFire   + . .        i - +0 short sword (vamp)
rCold   . . .        (no shield)
rNeg    . . .        j - +1 ring mail {rF+}
rPois   +            c - +0 helmet
rElec   .            l - +1 cloak
rCorr   .            (no gloves)
SInv    .            (no boots)
Will    .....        (no amulet)
Stlth   +            h - ring of poison resistance
HPRegen 0.23/turn    (no ring)
MPRegen 0.09/turn

%: guardian spirit
@: no status effects
A: fangs 2, magic shield, antimagic bite, no potion heal 2
a: no special abilities


You were on level 2 of the Dungeon.
You visited 1 branch of the dungeon, and saw 2 of its levels.

You collected 146 gold pieces.

Inventory:

Hand Weapons
 a - a +0 long sword
 i - a +0 vampiric short sword (weapon)
Missiles
 d - 3 throwing nets (quivered)
 e - a javelin
Armour
 b - a +0 leather armour
 c - a +0 helmet (worn)
 j - a +1 ring mail of fire resistance (worn)
 l - a +1 cloak (worn)
Jewellery
 h - a ring of poison resistance (left hand)
 n - a +6 ring of strength
Scrolls
 o - a scroll of immolation {unknown}
 p - a scroll of acquirement
Potions
 f - a potion of haste {unknown}
 g - a potion of might {unknown}
 k - 2 potions of curing {unknown}
 m - a potion of heal wounds {unknown}


   Skills:
 - Level 1.7 Fighting
 + Level 4.1 Long Blades
 - Level 1.7 Throwing
 - Level 2.4 Dodging


You had 2 spell levels left.
You didn't know any spells.
Your spell library was empty.

Dungeon Overview and Level Annotations

Branches:
Dungeon (2/15)

Altars:

Shops:
D:1 :


Innate Abilities, Weirdness & Mutations

You have extremely sharp teeth.
When hurt, damage is shared between your health and your magic reserves.
Your bite disrupts and absorbs the magic of your enemies.
Potions cannot restore your health.


Message History

Found a dagger.
The goblin shouts!
You see here a scroll labelled YZUZOF WODOFOC.
You enter the shallow water.
Moving in this stuff is going to be slow.
Found 16 gold pieces.
A rat comes into view.
The goblin hits you but does no damage. x2
Your unstable footing causes you to fumble your attack.
The goblin barely misses you.
You barely miss the goblin. You bite the goblin, but do no damage.
A nearby plant withers and dies.
The goblin closely misses you.
You hit the goblin.
The goblin is moderately wounded.
The goblin closely misses you.
You hit the goblin.
You kill the goblin!
The rat bites you but does no damage.
Things that are here:
a +0 club; a bubbling orange potion; a scroll labelled YCUGALID WUAMMAT You closely miss the rat.
The rat bites you but does no damage.
You hit the rat but do no damage. The rat barely misses you.
You barely miss the rat. The rat misses you.
You hit the rat. You bite the rat.
You kill the rat!
No target in view!
No target in view!
No target in view!
No target in view!
No target in view!
No target in view!
k - 2 bubbling orange potions (gained 1)
o - a scroll labelled YCUGALID WUAMMAT You see here a +0 club.
No target in view!
p - a scroll labelled YZUZOF WODOFOC No target in view!
Okay, then.
This is a scroll of acquirement!
Are you sure you want to abandon this character and quit the game? (Confirm with "yes".)

### #...###########
#.P.P.........#
#...).P)~~..P.#
#..P.P.~≈~~@..########
#..P.~~≈~≈~~.........####.#
#..PP~~~≈~≈~P...#........#
#.P.~~≈~~≈≈≈†..(#.##.##.#.#
#..$~≈~≈≈≈≈≈≈.###.##†#....
#..~~)~~~~~~♣.....##.#..# #
#..♣...~~~~....#####.#..# #
...P.~≈~...######.#..###.
...~~...P.......#..##†.


There were no monsters in sight!

Vanquished Creatures
  An adder (D:2)
  A dart slug (D:1)
  2 bats (D:1)
  4 endoplasms (D:1)
  A giant cockroach (D:1)
  2 jackals (D:1)
  A quokka (D:1)
  3 ball pythons
  A frilled lizard (D:1)
  7 goblins
  2 kobolds
  4 rats
29 creatures vanquished.

Notes
Turn   | Place    | Note
-------+----------+-------------------------------------------
     0 | D:1      | CInkIbrahim the Vine Stalker Gladiator began the quest for
                  | the Orb.
     0 | D:1      | Reached XP level 1. HP: 11/11 MP: 2/2
   101 | D:1      | Reached skill level 3 in Long Blades
   106 | D:1      | Reached XP level 2. HP: 15/15 MP: 3/3
   316 | D:1      | Found Zojak's Book Boutique.
   322 | D:1      | Reached XP level 3. HP: 13/18 MP: 2/4
   665 | D:2      | Reached skill level 4 in Long Blades
   716 | D:2      | Identified a scroll of acquirement
   716 | D:2      | Quit the game

Illustrated notes

Levels and vault maps discovered:
D:1:      scummos_arrival_simple_crosswalls, layout_basic, serial_shops, shop,
          skrybe_limestone_x
D:2:      layout_loops_ring, serial_shops, nicolae_shop_waterfront,
          grunt_ministairs_15, kennysheep_path_1, guppyfry_early_lair_pool

Skill      XL: |  1  2  3 |
---------------+----------+-----
Long Blades    | 3 4 |  4.1
Fighting       | |  1.7
Throwing       | |  1.7
Dodging        | |  2.4

Action                     || total
---------------------------++-------
  Melee: Long sword        ||    37
         Bite              ||    16
         Short sword       ||    23
 Armour: Leather armour    ||    12
         Ring mail         ||     9
  Dodge: Dodged            ||    28
